 Dungeon Crawl Stone Soup version 0.23.2-40-g277498a001 (webtiles) character file.

Game seed: 6274770515149940339

62519 Pizzadoos the Severer (level 14, -3/126 HPs)
             Began as a Minotaur Gladiator on Oct 5, 2019.
             Was a High Priest of Wu Jian.
             Slain by a harpy (14 damage)
             ... summoned by Kirke
             ... on level 13 of the Dungeon.
             The game lasted 01:58:37 (20536 turns).

Pizzadoos the Severer (Minotaur Gladiator)         Turns: 20536, Time: 01:58:38

Health: -3/126     AC:  0    Str: 24    XL:     14   Next: 64%
Magic:  16/16      EV: 22    Int:  5    God:    Wu Jian [*****.]
Gold:   1046       SH:  0    Dex: 12    Spells: 18/18 levels left

rFire    . . .     SeeInvis .   (weapon currently unavailable)
rCold    . . .     Gourm    .   (shield currently unavailable)
rNeg     . . .     Faith    .   (armour currently unavailable)
rPois    .         Spirit   .   (helmet currently unavailable)
rElec    .         Reflect  .   (cloak currently unavailable)
rCorr    .         Harm     .   (gloves currently unavailable)
MR       +....                  (boots currently unavailable)
Stlth    +++.......             C - amulet of magic regeneration
HPRegen  0.31/turn              (ring currently unavailable)
MPRegen  0.40/turn              (ring currently unavailable)

@: pig-form, slowed
A: small, (retaliatory headbutt)
a: Wall Jump, Serpent's Lash, Heavenly Storm, Renounce Religion


You were on level 13 of the Dungeon.
You worshipped Wu Jian.
Wu Jian was extremely pleased with you.
You were not hungry.
You were a filthy swine.
You visited 3 branches of the dungeon, and saw 20 of its levels.

You collected 1046 gold pieces.

Inventory:

Hand Weapons
 a - a +3 war axe of flaming (melded)
 b - a +0 blowgun
 K - a +3 war axe of chopping
Missiles
 q - 40 poisoned needles (quivered)
 O - 12 javelins
 T - 54 sling bullets
Armour
 c - a +0 hat (melded)
 k - the +1 shield of Lituemomp {rElec rN+ Int+4}
   (You found it on level 6 of the Lair of Beasts)

   It affects your intelligence (+4).
   It insulates you from electricity.
   It protects you from negative energy.
 n - a +0 pair of boots (melded)
 A - a +2 cloak (melded)
 G - a +1 large shield of protection (melded)
 N - a +0 crystal plate armour (melded)
Jewellery
 i - an uncursed ring of resist corrosion
 l - a ring of poison resistance (melded)
 p - an uncursed ring of protection from fire
 t - a +3 ring of protection (melded)
 C - an amulet of magic regeneration (around neck)
 I - an uncursed ring of flight
 L - an uncursed ring of protection from magic
 V - an uncursed ring of protection from cold
Wands
 u - a wand of flame (78)
 y - a wand of polymorph (16)
 B - a wand of disintegration (8)
 H - a wand of acid (12)
 M - a wand of digging (4)
 Q - a wand of paralysis (9)
 R - a wand of scattershot (3)
 S - a wand of enslavement (22)
 Z - a wand of iceblast (11)
Scrolls
 h - 2 scrolls of magic mapping
 m - 3 scrolls of amnesia
 r - 4 scrolls of blinking
 s - 3 scrolls of fog
 w - 7 scrolls of remove curse
 z - a scroll of enchant weapon
 D - 6 scrolls of teleportation
 F - 3 scrolls of enchant armour
 P - a scroll of summoning
 Y - a scroll of holy word
Potions
 d - a potion of agility
 e - 3 potions of lignification
 g - 2 potions of flight
 j - 2 potions of ambrosia
 o - 2 potions of magic
 v - 6 potions of curing
 x - 5 potions of haste
 J - 2 potions of mutation
 U - 2 potions of brilliance
 W - a potion of resistance
 X - 2 potions of invisibility
Comestibles
 f - 34 rations


   Skills:
 - Level 12.0 Fighting
 - Level 16.0 Axes
 - Level 7.0 Throwing
 - Level 10.0 Armour
 - Level 12.3 Dodging
 - Level 6.1 Stealth
 * Level 11.3 Shields
 + Level 2.6 Spellcasting
 + Level 3.8 Evocations


You had 18 spell levels left.
You didn't know any spells.
Your spell library contained the following spells:

 Spells                   Type           Power        Failure   Level  Hunger
 Apportation              Tloc           #.....       38%         1    ##.....
 Beastly Appendage        Tmut           #.....       38%         1    ##.....
 Confusing Touch          Hex            #.....       38%         1    ##.....
 Magic Dart               Conj           #...         38%         1    ##.....
 Summon Butterflies       Summ           #.......     38%         1    ##.....
 Blink                    Tloc           N/A          54%         2    ###....
 Corpse Rot               Necr           N/A          54%         2    ###....
 Searing Ray              Conj           #.....       54%         2    ###....
 Shroud of Golubria       Chrm/Tloc      #.........   54%         2    ###....
 Sticks to Snakes         Tmut           #.......     54%         2    ###....
 Sublimation of Blood     Necr           #.........   54%         2    ###....
 Confuse                  Hex            #.......     77%         3    ####...
 Dazzling Spray           Conj/Hex       #.....       77%         3    ####...
 Gell's Gravitas          Tloc           #.........   77%         3    ####...
 Ignite Poison            Fire/Tmut/Pois #.......     77%         3    ####...
 Lesser Beckoning         Tloc           #.........   77%         3    ####...
 Spider Form              Tmut/Pois      #.........   77%         3    ####...
 Stone Arrow              Conj/Erth      #.....       77%         3    ####...
 Teleport Other           Tloc           #.......     77%         3    ####...
 Tukima's Dance           Hex            #.......     77%         3    ####...
 Force Lance              Conj/Tloc      #.......     99%         4    #####..
 Fulminant Prism          Conj/Hex       #.........   99%         4    #####..
 Ice Form                 Ice/Tmut       #.......     99%         4    #####..
 Iskenderun's Mystic Bla  Conj           #.......     99%         4    #####..
 Leda's Liquefaction      Hex/Erth       #.........   99%         4    #####..
 Passage of Golubria      Tloc           N/A          99%         4    #####..
 Petrify                  Tmut/Erth      #.......     99%         4    #####..
 Alistair's Intoxication  Tmut/Pois      #.......     100%        5    ######.
 Blade Hands              Tmut           #.........   100%        5    ######.
 Irradiate                Conj/Tmut      #.........   100%        5    ######.
 Metabolic Englaciation   Hex/Ice        #.........   100%        5    ######.
 Summon Forest            Summ/Tloc      #.........   100%        5    ######.
 Yara's Violent Unravell  Hex/Tmut       #.........   100%        5    ######.
 Hydra Form               Tmut           #.........   100%        6    #######
 Invisibility             Hex            #.......     100%        6    #######
 Summon Hydra             Summ           #.........   100%        7    #######


Dungeon Overview and Level Annotations

Branches:
Dungeon (13/15)            Temple (1/1) D:6            Lair (6/6) D:9
  Swamp (0/4) Lair:3       Spider (0/4) Lair:2        Slime (0/5) Lair:6
    Orc (0/2) D:12
 Vaults: D:13-14

Altars:
Ashenzari
Cheibriados
Dithmenos
Elyvilon
Fedhas
Gozag
Hepliaklqana
Kikubaaqudgha
Makhleb
Nemelex Xobeh
Okawaru
Qazlal
Ru
Sif Muna
Trog
Uskayaw
Vehumet
Wu Jian
Xom
Yredelemnul
Zin
The Shining One
Jiyva

Annotations:
D:13 Kirke


Innate Abilities, Weirdness & Mutations

((You reflexively headbutt those who attack you in melee.))
((You have a pair of horns on your head.))


Message History

The deep elf mage gestures wildly while chanting.
The deep elf mage blinks!
The harpy claws you!!
* * * LOW HITPOINT WARNING * * *
The harpy closely misses you. The harpy completely misses you.
The harpy claws you.
* * * LOW HITPOINT WARNING * * *
The harpy claws you!
* * * LOW HITPOINT WARNING * * *
The harpy closely misses you.
You feel better. The harpy barely misses you. The harpy claws you.
* * * LOW HITPOINT WARNING * * *
The harpy claws you.
* * * LOW HITPOINT WARNING * * *
The harpy misses you. The harpy closely misses you. The harpy claws you.
* * * LOW HITPOINT WARNING * * *
You feel better. The harpy claws you.
* * * LOW HITPOINT WARNING * * *
The harpy misses you. The harpy claws you!
You die...

#########
#........ #h# #H#
#H####### ###
#Heo..e[# ....
#{ko....#
.....#Y...$..#
.....#.......####
................
.....#.........


You could see a sphinx, a lindwurm, a deep elf mage, 2 harpies and an ice beast.

Vanquished Creatures
  Frances (D:11)
  A dire elephant (Lair:6)
  7 hydras
  Erolcha (D:9)
  Harold (Lair:1)
  Fannar (D:12)
  2 two-headed ogres
  A catoblepas (Lair:6)
  A deep troll shaman (Lair:6)
  9 death yaks
  Urug (Lair:5)
  Nergalle (Lair:1)
  Pikel (D:9)
  A cyclops (D:11)
  An ugly thing (D:12)
  2 manticores (D:11)
  3 deep elf magi
  9 elephants
  Maurice (D:9)
  A centaur zombie (D:12)
  A torpor snail (Lair:5)
  6 black mambas
  14 spiny frogs
  15 komodo dragons
  A redback zombie (D:12)
  3 rime drakes (Lair:4)
  A yaktaur (D:13)
  A troll (D:11)
  2 meliai (Lair:4)
  A queen bee (Lair:4)
  2 polar bears (Lair:6)
  3 slime creatures (D:13)
  8 blink frogs
  A bog body (Lair:3)
  5 hippogriffs
  A human (D:9)
  2 wraiths
  3 wyverns
  5 basilisks
  32 yaks
  7 hogs
  2 hungry ghosts (D:12)
  3 vampire mosquitoes (D:9)
  A two-headed ogre zombie (D:12)
  6 porcupines
  3 black bears
  6 orc warriors
  13 water moccasins
  5 ice beasts
  A slave (D:9)
  4 sky beasts
  A necrophage (D:9)
  4 phantoms
  6 ogres
  23 wolves
  2 centaurs
  16 crocodiles
  A big kobold (D:11)
  15 bullfrogs
  2 troll zombies (D:12)
  31 killer bees
  4 scorpions
  15 wights
  5 howler monkeys
  6 crimson imps
  A bullfrog zombie (D:8)
  A quasit (D:7)
  5 hounds
  2 jellies
  2 bullfrog skeletons
  10 orc priests
  2 centaur skeletons
  Jessica (D:3)
  10 iguanas
  7 worker ants
  9 orc wizards
  Natasha (thrice) (D:3 D:2)
  A killer bee zombie (D:5)
  5 ogre zombies (D:12)
  2 hound zombies
  A hound skeleton (D:8)
  A howler monkey skeleton (D:5)
  8 adders
  2 river rats (D:5)
  3 shadow imps
  3 oozes
  5 adder zombies
  An adder skeleton (D:9)
  6 worms
  4 leopard geckos
  39 orcs
  A ball python (D:5)
  4 bats
  6 giant cockroaches
  3 goblins (D:1)
  5 hobgoblins
  2 quokkas
  12 frilled lizards
  2 goblin skeletons (D:12)
  3 hobgoblin skeletons (D:12)
  5 hobgoblin zombies (D:12)
  2 jackal skeletons
  14 kobolds
  3 orc skeletons (D:12)
  12 orc zombies (D:12)
  13 rats
  A spectral orc (D:3)
  A bush (D:9)
  4 fungi
  7 plants
569 creatures vanquished.

Vanquished Creatures (others)
  A death yak (Lair:6)
  A crimson imp (D:9)
  An adder skeleton (D:9)
  8 fungi
  15 plants
26 creatures vanquished.

Grand Total: 595 creatures vanquished

Notes
Turn   | Place    | Note
-------+----------+-------------------------------------------
     0 | D:1      | Pizzadoos the Minotaur Gladiator began the quest for the
                  | Orb.
     0 | D:1      | Reached XP level 1. HP: 18/18 MP: 0/0
   265 | D:1      | Reached XP level 2. HP: 23/25 MP: 1/1
   320 | D:1      | Reached skill level 4 in Axes
   475 | D:1      | Reached skill level 1 in Armour
   719 | D:2      | Reached XP level 3. HP: 28/30 MP: 2/2
   875 | D:2      | Found a sparkling altar of Nemelex Xobeh.
  1431 | D:2      | Found a deep blue altar of Sif Muna.
  1432 | D:2      | Found an ornate altar of the Wu Jian Council.
  1436 | D:2      | Became a worshipper of the Wu Jian Council
  1527 | D:3      | Noticed Jessica
  1530 | D:3      | Killed Jessica
  1530 | D:3      | Reached XP level 4. HP: 36/38 MP: 3/3
  1563 | D:3      | Noticed Natasha
  1570 | D:3      | Killed Natasha
  1570 | D:3      | Reached skill level 5 in Axes
  1704 | D:3      | Noticed Natasha
  1706 | D:3      | Noticed a bullfrog
  1719 | D:3      | Killed a bullfrog
  1719 | D:3      | Reached XP level 5. HP: 21/45 MP: 4/4
  1721 | D:3      | Killed Natasha
  1840 | D:3      | Noticed Natasha
  1874 | D:3      | Reached skill level 6 in Axes
  1888 | D:3      | HP: 2/45 [poisoned by an adder]
  2186 | D:2      | Killed Natasha
  2203 | D:3      | Reached XP level 6. HP: 31/51 MP: 5/5
  2386 | D:3      | Found a sacrificial altar of Ru.
  2546 | D:3      | Reached * piety under Wu Jian
  2590 | D:3      | Noticed an ice beast
  2666 | D:3      | Noticed a moth of wrath
  2669 | D:3      | Found a bloodstained altar of Trog.
  2833 | D:3      | Killed an ice beast
  3166 | D:3      | Found a basalt altar of Yredelemnul.
  4141 | D:5      | Entered Level 5 of the Dungeon
  4277 | D:5      | Noticed an orc warrior
  4536 | D:5      | Reached skill level 7 in Axes
  4753 | D:5      | Reached skill level 5 in Dodging
  4753 | D:5      | Reached XP level 7. HP: 54/57 MP: 6/6
  5245 | D:5      | Reached skill level 8 in Axes
  5436 | D:5      | Reached ** piety under Wu Jian
  5442 | D:5      | Reached skill level 1 in Shields
  5448 | D:5      | Reached XP level 8. HP: 25/67 MP: 7/7
  5740 | D:5      | Reached skill level 9 in Axes
  5846 | D:5      | Reached skill level 5 in Fighting
  6314 | D:6      | Found a staircase to the Ecumenical Temple.
  6399 | D:6      | Reached skill level 10 in Axes
  6403 | D:6      | Found a shimmering altar of Xom.
  6593 | D:6      | Reached XP level 9. HP: 52/75 MP: 8/8
  6604 | D:6      | Reached skill level 11 in Axes
  6700 | D:6      | Found an iron altar of Okawaru.
  6700 | D:6      | Found a deep blue altar of Sif Muna.
  6702 | D:6      | Found a shimmering altar of Xom.
  6702 | D:6      | Found a shadowy altar of Dithmenos.
  6702 | D:6      | Found a stormy altar of Qazlal.
  6955 | D:6      | Found an iron altar of Okawaru.
  7344 | D:7      | Found a glowing golden altar of the Shining One.
  7390 | D:7      | Reached *** piety under Wu Jian
  7728 | D:8      | Reached skill level 12 in Axes
  7850 | D:8      | Reached skill level 5 in Armour
  8135 | D:8      | Reached skill level 13 in Axes
  8231 | D:8      | Found a blossoming altar of Fedhas.
  8429 | D:9      | Reached XP level 10. HP: 45/83 MP: 9/9
  8738 | D:9      | Identified a scroll of acquirement
  8757 | D:9      | Noticed Erolcha
  8773 | D:9      | Killed Erolcha
  8773 | D:9      | Reached **** piety under Wu Jian
  8831 | D:9      | Reached skill level 14 in Axes
  8889 | D:9      | You fall through a shaft for 2 floors!
  8898 | D:11     | Noticed a cyclops
  8910 | D:11     | Noticed a manticore
  9005 | D:11     | Killed a manticore
  9200 | D:11     | Noticed a manticore
  9208 | D:11     | Killed a manticore
  9384 | D:11     | Found a gate leading to a gauntlet.
  9396 | D:10     | Entered Level 10 of the Dungeon
  9413 | D:10     | Found a shattered altar of Ashenzari.
 10087 | D:9      | Noticed Maurice
 10087 | D:9      | Noticed Pikel
 10098 | D:9      | Killed Pikel
 10125 | D:9      | Killed Maurice
 10125 | D:9      | Reached XP level 11. HP: 89/94 MP: 10/10
 10138 | D:9      | Reached skill level 15 in Axes
 10691 | D:9      | Found a staircase to the Lair.
 10971 | Temple   | Entered the Ecumenical Temple
 11093 | Lair:1   | Entered Level 1 of the Lair of Beasts
 11156 | Lair:1   | Noticed Harold
 11176 | Lair:1   | Killed Harold
 11241 | Lair:1   | Noticed a four-headed hydra
 11245 | Lair:1   | Killed a one-headed hydra
 11321 | Lair:1   | Noticed Nergalle
 11336 | Lair:1   | Killed Nergalle
 11336 | Lair:1   | Reached skill level 16 in Axes
 11966 | Lair:2   | Reached skill level 1 in Stealth
 12462 | Lair:2   | Found a hole to the Spider Nest.
 12608 | Lair:2   | Reached ***** piety under Wu Jian
 12613 | Lair:2   | Reached XP level 12. HP: 83/105 MP: 11/11
 12658 | Lair:2   | You fall through a shaft!
 13030 | Lair:3   | Found a staircase to the Swamp.
 13115 | Lair:3   | Reached skill level 5 in Shields
 13148 | Lair:3   | Noticed a five-headed hydra
 13156 | Lair:3   | Killed a two-headed hydra
 13156 | Lair:3   | Reached skill level 10 in Armour
 14099 | Lair:4   | Reached skill level 10 in Fighting
 14128 | Lair:4   | Noticed a six-headed hydra
 14136 | Lair:4   | Killed a two-headed hydra
 14446 | Lair:4   | Reached skill level 10 in Dodging
 14709 | Lair:4   | Reached skill level 5 in Throwing
 14827 | Lair:4   | Noticed a death yak
 14827 | Lair:4   | Noticed a death yak
 14832 | Lair:4   | Reached XP level 13. HP: 109/114 MP: 12/12
 15723 | Lair:5   | Noticed Urug
 15781 | Lair:5   | Killed Urug
 16283 | Lair:5   | Reached skill level 5 in Stealth
 16467 | Lair:6   | Entered Level 6 of the Lair of Beasts
 17140 | Lair:6   | Reached XP level 14. HP: 81/125 MP: 13/13
 17687 | Lair:6   | Got a crude shield
 17698 | Lair:6   | Identified the +1 shield of Lituemomp {rElec rN+ Int+4}
                  | (You found it on level 6 of the Lair of Beasts)
 17737 | Lair:6   | Reached skill level 1 in Evocations
 18321 | Lair:6   | Found a viscous altar of Jiyva.
 18321 | Lair:6   | Found a staircase to the Slime Pits.
 18458 | Lair:6   | Reached skill level 1 in Spellcasting
 19029 | D:11     | Reached skill level 10 in Shields
 19051 | D:12     | Noticed Frances
 19052 | D:12     | Noticed Fannar
 19072 | D:11     | Killed Frances
 19590 | D:12     | Killed Fannar
 19848 | D:12     | Found a staircase to the Orcish Mines.
 20492 | D:13     | Noticed Kirke
 20499 | D:13     | Noticed a sphinx
 20521 | D:13     | Noticed a sphinx
 20525 | D:13     | Paralysed by a sphinx for 2 turns
 20535 | D:13     | HP: 6/126 [harpy[Kirke] (5)]
 20536 | D:13     | Slain by a harpy

Skill      XL: |  1  2  3  4  5  6  7  8  9 10 11 12 13 14 |
---------------+-------------------------------------------+-----
Axes           | 4 5 6 7 8 10 13 14 16 | 16.0
Armour         | 1 2 3 4 6 8 9 10 | 10.0
Fighting       | 3 4 6 8 9 10 11 12 | 12.0
Dodging        | 4 5 6 7 10 12 | 12.3
Shields        | 2 4 7 8 11 | 11.3
Stealth        | 1 4 5 6 |  6.1
Throwing       | 5 6 7 |  7.0
Evocations     | 3 |  3.8
Spellcasting   | 2 |  2.6

Action                   |  1- 3 |  4- 6 |  7- 9 | 10-12 | 13-15 || total
-------------------------+-------+-------+-------+-------+-------++-------
Melee: War axe           |    55 |   120 |   336 |   507 |   744 ||  1762
       Headbutt          |     4 |    15 |    71 |   122 |   170 ||   382
       Hand axe          |       |    14 |       |       |       ||    14
       Battleaxe         |       |       |       |   120 |       ||   120
       Unarmed           |       |       |       |       |     8 ||     8
Throw: Throwing net      |       |     3 |       |       |     1 ||     4
       Javelin           |       |       |       |       |    19 ||    19
Invok: Lunge             |     3 |    14 |    23 |    45 |    35 ||   120
       Whirlwind         |       |     3 |     7 |    48 |    91 ||   149
       Serpent's Lash    |       |       |       |     1 |     1 ||     2
       Heavenly Storm    |       |       |       |     1 |     3 ||     4
 Abil: Wall Jump         |       |       |       |       |     4 ||     4
  Use: Scroll            |     2 |     7 |     5 |     8 |    10 ||    32
       Potion            |       |     4 |       |     4 |     6 ||    14
  Eat: Chunk             |     2 |     3 |     9 |    13 |    12 ||    39
       Ration            |       |     2 |     1 |     2 |     3 ||     8
Armor: Leather armour    |    14 |    24 |    65 |     3 |       ||   106
       Skin              |       |    11 |       |       |     3 ||    14
       Crystal plate arm |       |       |       |   351 |   292 ||   643
Dodge: Dodged            |    39 |    79 |   155 |   170 |   152 ||   595
Block: Buckler           |       |       |    40 |    74 |    54 ||   168
       Large shield      |       |       |       |       |   118 ||   118
       Shield            |       |       |       |       |    85 ||    85
